 Dungeon Crawl Stone Soup version 0.29-a0-40-g8eb35efe60 (webtiles) character file.

Game seed: 1153588450365453646

76 horus123 the Chopper (level 4, -1/37 HPs)
             Began as a Human Monk on Feb 1, 2022.
             Slain by a worm (8 damage)
             ... on level 2 of the Dungeon.
             The game lasted 00:02:34 (2315 turns).

horus123 the Chopper (Human Monk)                   Turns: 2315, Time: 00:02:35

Health: -1/37      AC:  2    Str: 11    XL:     4   Next: 57%
Magic:  4/4        EV: 13    Int: 11    God:
Gold:   23         SH:  0    Dex: 17    Spells: 3/3 levels left

rFire   . . .      SeeInvis .   a - +0 hand axe
rCold   . . .      Faith    .   (no shield)
rNeg    . . .      Spirit   .   b - +0 robe
rPois   .          Reflect  .   (no helmet)
rElec   .          Harm     .   (no cloak)
rCorr   .          Rampage  .   (no gloves)
Will    .....                   (no boots)
Stlth   ++........              (no amulet)
HPRegen 0.12/turn               (no ring)
MPRegen 0.09/turn               (no ring)

@: lethally poisoned (-1 -> -3)
A: no striking features
a: no special abilities


You were on level 2 of the Dungeon.
You visited 1 branch of the dungeon, and saw 3 of its levels.

You collected 23 gold pieces.

Inventory:

Hand Weapons
 a - a +0 hand axe (weapon)
Missiles
 g - 8 poisoned darts (quivered)
Armour
 b - a +0 robe (worn)
 e - a +0 chain mail
 h - an orb of guile
Scrolls
 c - a scroll of teleportation {unknown}
 d - a scroll of enchant weapon {unknown}
 f - 3 scrolls of immolation {unknown}


   Skills:
 * Level 3.8 Fighting
 + Level 3.9 Axes
 + Level 0.1 Throwing
 + Level 3.3 Dodging
 + Level 2.3 Stealth


You had 3 spell levels left.
You didn't know any spells.
Your spell library was empty.

Dungeon Overview and Level Annotations

Branches:
Dungeon (3/15)

Altars:


Message History

You hit the adder.
The adder is moderately wounded.
The adder barely misses you.
You hit the adder.
The adder is almost dead.
The adder bites you but does no damage. The adder barely misses you.
You miss the adder.
The adder is almost dead.
The adder bites you.
You barely miss the adder.
The adder is almost dead.
The adder bites you. x2
You closely miss the adder. You punch the adder, but do no damage.
The adder is almost dead.
The adder closely misses you.
You miss the adder.
The adder is almost dead.
The adder bites you. The adder barely misses you.
You barely miss the adder.
The adder is almost dead.
You barely miss the worm. The adder barely misses you.
The worm barely misses you.
You miss the adder.
The adder is almost dead.
You hit the worm but do no damage. The adder misses you.
You closely miss the adder.
The adder is almost dead.
You hit the worm. The adder bites you. The worm bites you! The adder bites you.
You are poisoned.
The adder poisons you!
You are too injured to fight recklessly!
You are too injured to fight recklessly!
You hit the adder.
You kill the adder!
You hit the worm.
You feel sick. The worm misses you.
You feel sick.
You climb upwards.
You feel sick.
There is a stone staircase leading down here.
You feel sick. The worm bites you!
You die...

####### #.....#
########.###.#
##########>w......# #.#
#........#@......## #.#
#........#.......# #.#
#........#.......# #.#
#................# #.#
#........###.....# #.#
#..........#.##### #.#
#.......##...# #.#
#............# #.#
#<....####...########.#


You could see a worm.

Vanquished Creatures
  5 adders
  4 ball pythons
  2 endoplasms
  A giant cockroach (D:1)
  4 goblins (D:1)
  A hobgoblin (D:1)
  4 jackals (D:1)
  A quokka (D:1)
  2 bats
  3 frilled lizards
  4 kobolds
  A rat (D:1)
32 creatures vanquished.

Notes
Turn   | Place    | Note
-------+----------+-------------------------------------------
     0 | D:1      | horus123 the Human Monk began the quest for the Orb.
     0 | D:1      | Reached XP level 1. HP: 18/18 MP: 1/1
   174 | D:1      | Reached XP level 2. HP: 14/24 MP: 2/2
   681 | D:1      | Reached XP level 3. HP: 23/29 MP: 3/3
  1909 | D:2      | Reached XP level 4. HP: 33/37 MP: 4/4
  2315 | D:2      | Slain by a worm

Illustrated notes

Levels and vault maps discovered:
D:1:      nicolae_arrival_washed_ashore, layout_loops_ring
D:2:      layout_basic
D:3:      layout_loops_ring, lightli_temple_of_fire, uniq_jessica

Action                   |  1- 3 |  4- 6 || total
-------------------------+-------+-------++-------
Melee: Hand axe          |   108 |    25 ||   133
       Punch             |       |     1 ||     1
Throw: Dart              |     5 |     2 ||     7
  Use: Potion            |     1 |       ||     1
 Stab: Sleeping          |     4 |     2 ||     6
Armor: Robe              |    14 |     1 ||    15
Dodge: Dodged            |    87 |    20 ||   107

Table legend: (Time is in decaauts)
 A = Elapsed time spent in this place.
 B = Non-inter-level travel time spent in this place.
 C = Inter-level travel time spent in this place.
 D = Time resting spent in this place.
 E = Time spent auto-exploring this place.
 F = Levels seen in this place.
 G = Mean time per level.
                   A        B        C        D        E       F      G
               +--------+--------+--------+--------+--------+-----+--------+
         Total |   2333 |   2232 |    101 |    513 |   1375 |   3 |  777.7 |
       Dungeon |   2333 |   2232 |    101 |    513 |   1375 |   3 |  777.7 |
               +--------+--------+--------+--------+--------+-----+--------+

Top non-repeatable levels by time:
     D:1: 1244 daAuts
     D:2: 1071 daAuts
     D:3: 16 daAuts
